 Dungeon Crawl Stone Soup version 0.29.1-14-g9c671dbff4 (webtiles) character file.

Game seed: 10327122927774875864

58 Descartes the Covert (level 3, -6/17 HPs)
             Began as a Felid Delver on Feb 17, 2023.
             Mangled by a gnoll
             ... wielding a +0 halberd
              (17 damage)
             ... on level 4 of the Dungeon.
             The game lasted 00:01:17 (266 turns).

Descartes the Covert (Felid Delver)                  Turns: 266, Time: 00:01:18

Health: -6/17      AC:  1    Str: 10    XL:     3   Next: 76%
Magic:  4/4        EV: 17    Int: 11    God:
Gold:   14         SH:  0    Dex: 17    Spells: 2/2 levels left
                                        Lives:  0   Deaths: 1

rFire   . . .      SeeInvis +     - Unarmed
rCold   . . .      Faith    .   (shield unavailable)
rNeg    . . .      Spirit   .   (body armour unavailable)
rPois   .          Reflect  .   (helmet unavailable)
rElec   .          Harm     .   (cloak unavailable)
rCorr   .          Rampage  .   (gloves unavailable)
Will    .....                   (boots unavailable)
Stlth   ++++......              (no amulet)
HPRegen 0.05/turn               (no ring)
MPRegen 0.09/turn               (no ring)

@: quick
A: very small, claws 1, fangs 3, see invisible, speed 1, shaggy fur 1, stealthy
paws, no weapons or thrown items, no armour, multi-lived
a: no special abilities


You were on level 4 of the Dungeon.
You visited 1 branch of the dungeon, and saw 2 of its levels.

You collected 14 gold pieces.

Inventory:

Jewellery
 d - a ring of flight
Wands
 e - a wand of digging (3)
Scrolls
 a - a scroll of fog
 b - a scroll of magic mapping
 c - a scroll of fear
 f - a scroll of vulnerability {unknown}
 i - a scroll of identify {unknown}
 j - a scroll of enchant armour {unknown}
Potions
 g - a potion of ambrosia {unknown}
 h - a potion of curing {unknown}


   Skills:
 - Level 3.0 Fighting
 + Level 2.9 Dodging
 + Level 8.0 Stealth
 + Level 3.6 Unarmed Combat


You had 2 spell levels left.
You didn't know any spells.
Your spell library contained the following spells:

 Spells                   Type           Power      Damage    Failure   Level
 Magic Dart               Conj           0%         1d3       34%         1
 Searing Ray              Conj           0%         2d4       47%         2
 Fulminant Prism          Conj/Hex       0%         3d6       98%         4


Dungeon Overview and Level Annotations

Branches:
Dungeon (5/15)
 Temple: D:4-7

Altars:


Innate Abilities, Weirdness & Mutations

You have sharp claws.
You have razor-sharp teeth.
You have supernaturally acute eyesight. (SInv)
You cover ground quickly. (Speed+)
You are covered in fur. (AC +1)
Your paws help you pounce on unaware monsters.
You are incapable of wielding weapons or throwing items.
You cannot wear armour.
You gain extra lives every three experience levels.


Message History

You kill the goblin!
Your Stealth skill increases to level 8!
You open the door.
A kobold comes into view. It is wielding a +0 whip.
Found a scroll labelled ECOANK AMUCID, a sling, 3 stones and 3 large rocks.
There is an open door here.
You see here a scroll labelled ECOANK AMUCID.
You see here a +0 sling.
You pounce on the unaware helpless kobold!
You mangle the kobold!!
You kill the kobold!
i - a scroll labelled ECOANK AMUCID You see here 3 large rocks.
Things that are here:
a +0 whip; a kobold corpse You open the door.
A hobgoblin and an orc come into view.
Found a scroll labelled RUQOJY ZUSKOSM.
There is an open door here.
The helpless orc fails to defend itself.
You eviscerate the orc!!!
You kill the orc!
The helpless hobgoblin fails to defend itself.
You mangle the hobgoblin!!
You kill the hobgoblin!
No target in view!
j - a scroll labelled RUQOJY ZUSKOSM
There is an open door here.
You see here 3 large rocks.
There is an open door here.
You open the door.
A gnoll comes into view. It is wielding a +0 halberd.
There is an open door here.
The gnoll shouts!
The gnoll hits you with a +0 halberd.
You closely miss the gnoll. The gnoll completely misses you.
You closely miss the gnoll. The gnoll closely misses you.
You barely miss the gnoll. The gnoll hits you with a +0 halberd!
Ouch! That really hurt!
You die...

#+## ...+
####..####
#g.#..#..#
#.@#..#).#
#..'.###'#
####.#(()# .
#.)#.'.).#
#.####..'.#####
#....####..+
#..........#
#####..####
+..'.)#


You could see a gnoll.

Vanquished Creatures
  An ogre (D:5)
  A gnoll (D:4)
  An orc (D:4)
  A ball python (D:4)
  An endoplasm (D:4)
  A hobgoblin (D:4)
  2 goblins (D:4)
  2 kobolds (D:4)
10 creatures vanquished.

Notes
Turn   | Place    | Note
-------+----------+-------------------------------------------
     0 | D:5      | Descartes the Felid Delver began the quest for the Orb.
     0 | D:5      | Reached XP level 1. HP: 10/10 MP: 2/2
    10 | D:5      | Noticed an ogre
    17 | D:5      | Killed an ogre
    18 | D:5      | Reached skill level 7 in Stealth
    18 | D:5      | Reached XP level 2. HP: 14/14 MP: 3/3
    18 | D:5      | Reached XP level 3. HP: 17/17 MP: 4/4
    18 | D:5      | Reached XP level 4. HP: 21/21 MP: 5/5
    44 | D:5      | Noticed a water moccasin
    54 | D:5      | Slain by a water moccasin
    55 | D:5      | Reached XP level 3. HP: 0/25 MP: 4/4
   238 | D:4      | Reached skill level 8 in Stealth
   266 | D:4      | Mangled by a gnoll

Illustrated notes

Levels and vault maps discovered:
D:4:      corexii_shantytown, layout_layer_cave, minmay_misc_feat_cross,
          cheibrodos_gnoll_hut
D:5:      layout_loops_ring, mainiacjoe_overflow_alcove_2, lemuel_tele_altar

Skill      XL: |  1  2  3 |
---------------+----------+-----
Stealth        | 7 8 |  8.0
Unarmed Combat | 3 |  3.6
Fighting       | |  3.0
Dodging        | |  2.9

Action                   |  1- 3 |  4- 6 || total
-------------------------+-------+-------++-------
Melee: Unarmed           |    16 |     7 ||    23
       Bite              |       |     2 ||     2
  Use: Potion            |       |     2 ||     2
 Stab: Sleeping          |     9 |       ||     9
Dodge: Dodged            |     8 |     5 ||    13
